3AA
SAN ANTONIO BC @ ATHLETIC CLUB KC ACADEMY
06/21/2037
 
TOP OF THE 1ST
San Antonio BC batting - Pitching for Athletic Club KC Academy : RHP Dorian Gunther
Pitching: RHP Dorian Gunther
Batting: LHB Armando Viña 0-0: Ball
1-0: Called Strike
1-1: Ball
2-1: Called Strike
2-2: Strikes out swinging, 2-3 out at first.
Batting: RHB Kamakakoa Kaponianani 0-0: Called Strike
0-1: Ball
1-1: Foul Ball, location: 2F
1-2: Foul Ball, location: 2F
1-2: SINGLE (Line Drive, 7LS, EV 105.6 MPH)
Batting: LHB José Vera 0-0: Fly out, F5 (Popup, 6S, EV 68.8 MPH)
Batting: SHB Roy Snider 0-0: Ball
1-0: Ball
2-0: Ball
3-0: Called Strike
3-1: Foul Ball, location: 2F
3-2: Fly out, F8 (Flyball, 8LXD, EV 92.5 MPH)
Top of the 1st over - 0 runs, 1 hit, 0 errors, 1 left on base; San Antonio 0 - Athletic Club KC Academy 0
BOTTOM OF THE 1ST
Athletic Club KC Academy batting - Pitching for San Antonio BC : RHP Israel Zorita
Pitching: RHP Israel Zorita
Batting: RHB Gabriel Martínez 0-0: Ball
1-0: SINGLE (Groundball, 56D, EV 105.0 MPH)
Batting: LHB Oriol Fernández 0-0: Swinging Strike
0-1: Ball
1-1: Foul Ball, location: 2F
1-2: Ball
Gabriel Martínez steals 2nd base
2-2: Ball
3-2: DOUBLE (Line Drive, 9LS, EV 108.1 MPH)
Gabriel Martínez scores
Batting: RHB Donald Guegan 0-0: Swinging Strike
0-1: Ball
1-1: Ball
2-1: Fly out, F9 (Flyball, 89D, EV 93.8 MPH)
Batting: RHB Andy Roarick 0-0: Foul Ball, location: 2F
0-1: Ground out 6-3 (Groundball, 6, EV 79.4 MPH)
Batting: RHB Sancho Prieto 0-0: Called Strike
0-1: Ball
1-1: Called Strike
1-2: Ball
2-2: Ball
3-2: Strikes out swinging
Bottom of the 1st over - 1 run, 2 hits, 0 errors, 1 left on base; San Antonio 0 - Athletic Club KC Academy 1
TOP OF THE 2ND
San Antonio BC batting - Pitching for Athletic Club KC Academy : RHP Dorian Gunther
Batting: RHB Joe Smith 0-0: Ball
1-0: Ball
2-0: Called Strike
2-1: Ground out 5-3 (Groundball, 56S, EV 65.0 MPH)
Batting: RHB George Towns 0-0: Called Strike
0-1: Ball
1-1: Ball
2-1: Swinging Strike
2-2: Strikes out looking
Batting: RHB Francisco Ortíz 0-0: Ball
1-0: Ball
2-0: Called Strike
2-1: Ball
3-1: Foul Ball, location: 2F
3-2: Fly out, F7 (Flyball, 7S, EV 78.8 MPH)
Top of the 2nd over - 0 runs, 0 hits, 0 errors, 0 left on base; San Antonio 0 - Athletic Club KC Academy 1
BOTTOM OF THE 2ND
Athletic Club KC Academy batting - Pitching for San Antonio BC : RHP Israel Zorita
Batting: RHB Woody Thomas 0-0: Ball
1-0: Called Strike
1-1: Ball
2-1: Foul Ball, location: 2F
2-2: Ball
3-2: Base on Balls
Batting: RHB Quinn Albracht 0-0: Ball
1-0: Ball
2-0: Swinging Strike
2-1: Foul Ball, location: 2F
2-2: Strikes out swinging
Batting: RHB Rodrigo Sousa 0-0: Called Strike
Woody Thomas steals 2nd base (no throw)
0-1: Foul Ball, location: 2F
0-2: Strikes out swinging
Batting: RHB Makalani Kaiya 0-0: Ball
1-0: Ball
2-0: Called Strike
2-1: Swinging Strike
2-2: Ball
3-2: Base on Balls
Batting: RHB Gabriel Martínez 0-0: Ball
1-0: Ball
2-0: Called Strike
2-1: Ball
3-1: Called Strike
3-2: Foul Ball, location: 2F
3-2: Base on Balls
Woody Thomas to third
Makalani Kaiya to second
Batting: LHB Oriol Fernández 0-0: Ball
1-0: Called Strike
1-1: Ball
2-1: Ball
3-1: Foul Ball, location: 2F
3-2: Strikes out swinging
Bottom of the 2nd over - 0 runs, 0 hits, 0 errors, 3 left on base; San Antonio 0 - Athletic Club KC Academy 1
TOP OF THE 3RD
San Antonio BC batting - Pitching for Athletic Club KC Academy : RHP Dorian Gunther
Batting: RHB Mike O'Neill 0-0: Ball
1-0: Ball
2-0: Ground out 6-3 (Groundball, 6, EV 78.1 MPH)
Batting: RHB Jiao-long Xú 0-0: Ball
1-0: Called Strike
1-1: Swinging Strike
1-2: Fly out, F8 (Flyball, 78D, EV 100.6 MPH)
Batting: LHB Armando Viña 0-0: Fly out, F5 (Popup, 5S, EV 75.6 MPH)
Top of the 3rd over - 0 runs, 0 hits, 0 errors, 0 left on base; San Antonio 0 - Athletic Club KC Academy 1
BOTTOM OF THE 3RD
Athletic Club KC Academy batting - Pitching for San Antonio BC : RHP Israel Zorita
Batting: RHB Donald Guegan 0-0: Swinging Strike
0-1: Called Strike
0-2: Foul Ball, location: 2F
0-2: Ground out 5-3 (Groundball, 5, EV 103.8 MPH)
Batting: RHB Andy Roarick 0-0: Fly out, F8 (Flyball, 8LM, EV 93.8 MPH)
Batting: RHB Sancho Prieto 0-0: Ball
1-0: Called Strike
1-1: Called Strike
1-2: Ball
2-2: Fly out, F9 (Flyball, 9, EV 80.0 MPH)
Bottom of the 3rd over - 0 runs, 0 hits, 0 errors, 0 left on base; San Antonio 0 - Athletic Club KC Academy 1
TOP OF THE 4TH
San Antonio BC batting - Pitching for Athletic Club KC Academy : RHP Dorian Gunther
Batting: RHB Kamakakoa Kaponianani 0-0: Called Strike
0-1: Swinging Strike
0-2: Ball
1-2: Strikes out swinging
Batting: LHB José Vera 0-0: Swinging Strike
0-1: Ball
1-1: Ball
2-1: Ball
3-1: SINGLE (Groundball, 4D, EV 101.9 MPH)
Batting: SHB Roy Snider 0-0: Fly out, F9 (Flyball, 9S, EV 96.2 MPH)
Batting: RHB Joe Smith 0-0: Called Strike
0-1: Ball
1-1: Ball
2-1: Swinging Strike
2-2: Ball
3-2: Foul Ball, location: 2F
3-2: Base on Balls
José Vera to second
Batting: RHB George Towns 0-0: Ball
1-0: Fly out, F8 (Flyball, 8RS, EV 90.0 MPH)
Top of the 4th over - 0 runs, 1 hit, 0 errors, 2 left on base; San Antonio 0 - Athletic Club KC Academy 1
BOTTOM OF THE 4TH
Athletic Club KC Academy batting - Pitching for San Antonio BC : RHP Israel Zorita
Batting: RHB Woody Thomas 0-0: Ground out 1-3 (Groundball, P, EV 68.8 MPH)
Batting: RHB Quinn Albracht 0-0: Fly out, F8 (Line Drive, 8LD, EV 93.8 MPH)
Batting: RHB Rodrigo Sousa 0-0: Ground out 6-3 (Groundball, 6S, EV 83.1 MPH)
Bottom of the 4th over - 0 runs, 0 hits, 0 errors, 0 left on base; San Antonio 0 - Athletic Club KC Academy 1
TOP OF THE 5TH
San Antonio BC batting - Pitching for Athletic Club KC Academy : RHP Dorian Gunther
Batting: RHB Francisco Ortíz 0-0: Swinging Strike
0-1: Foul Ball, location: 2F
0-2: Ball
1-2: Ball
2-2: Foul Ball, location: 2F
2-2: Foul Ball, location: 2F
2-2: Ball
3-2: Reached on error, E6 (Groundball, 6, EV 82.5 MPH)
Batting: RHB Mike O'Neill 0-0: Bunt - Flyout to 2L - DP at third! 2-3
Batting: RHB Jiao-long Xú 0-0: Ball
1-0: Ball
2-0: Called Strike
2-1: Fly out, F9 (Flyball, 9S, EV 89.4 MPH)
Top of the 5th over - 0 runs, 0 hits, 1 error, 0 left on base; San Antonio 0 - Athletic Club KC Academy 1
BOTTOM OF THE 5TH
Athletic Club KC Academy batting - Pitching for San Antonio BC : RHP Israel Zorita
Batting: RHB Makalani Kaiya 0-0: Called Strike
0-1: Ground out 6-3 (Groundball, 6, EV 86.9 MPH)
Batting: RHB Gabriel Martínez 0-0: Swinging Strike
0-1: Ball
1-1: Ball
2-1: Called Strike
2-2: Ball
3-2: Fly out, F9 (Flyball, 9, EV 86.9 MPH)
Batting: LHB Oriol Fernández 0-0: Foul Ball, location: 2F
0-1: Swinging Strike
0-2: Strikes out swinging
Bottom of the 5th over - 0 runs, 0 hits, 0 errors, 0 left on base; San Antonio 0 - Athletic Club KC Academy 1
TOP OF THE 6TH
San Antonio BC batting - Pitching for Athletic Club KC Academy : RHP Dorian Gunther
Batting: LHB Armando Viña 0-0: Called Strike
0-1: SINGLE (Groundball, 5D, EV 109.4 MPH)
Batting: RHB Kamakakoa Kaponianani 0-0: Grounds into double play, 6-4-3 (Groundball, 56, EV 101.2 MPH)
Batting: LHB José Vera 0-0: Fly out, F8 (Flyball, 8LD, EV 90.0 MPH)
Top of the 6th over - 0 runs, 1 hit, 0 errors, 0 left on base; San Antonio 0 - Athletic Club KC Academy 1
BOTTOM OF THE 6TH
Athletic Club KC Academy batting - Pitching for San Antonio BC : RHP Israel Zorita
Batting: RHB Donald Guegan 0-0: Called Strike
0-1: Fly out, F8 (Flyball, 8RD, EV 88.1 MPH)
Batting: RHB Andy Roarick 0-0: Called Strike
0-1: Ball
1-1: Ball
2-1: Called Strike
2-2: Ball
3-2: Base on Balls
Batting: RHB Sancho Prieto 0-0: Called Strike
Andy Roarick is caught stealing 2nd base 2-4
0-1: Hit by Pitch
Batting: RHB Woody Thomas 0-0: Ball
1-0: Fly out, F3 (Popup, 3, EV 63.1 MPH)
Bottom of the 6th over - 0 runs, 0 hits, 0 errors, 1 left on base; San Antonio 0 - Athletic Club KC Academy 1
TOP OF THE 7TH
San Antonio BC batting - Pitching for Athletic Club KC Academy : RHP Dorian Gunther
Batting: SHB Roy Snider 0-0: Called Strike
0-1: Called Strike
0-2: Fly out, F8 (Flyball, 8RD, EV 95.6 MPH)
Batting: RHB Joe Smith 0-0: Ball
1-0: SINGLE (Line Drive, 78M, EV 103.8 MPH)
Batting: RHB George Towns 0-0: Ball
1-0: SINGLE (Groundball, 56, EV 108.1 MPH) (infield hit)
Joe Smith to second
Pinch Hitting: RHB Samuel Barlow 0-0: Called Strike
0-1: Swinging Strike
0-2: Strikes out swinging
Pinch Hitting: LHB Rafael Romero 0-0: Ball
1-0: Called Strike
1-1: Foul Ball, location: 2F
1-2: Ball
2-2: Ball
3-2: Foul Ball, location: 2F
3-2: Foul Ball, location: 2F
3-2: Strikes out swinging
Top of the 7th over - 0 runs, 2 hits, 0 errors, 2 left on base; San Antonio 0 - Athletic Club KC Academy 1
BOTTOM OF THE 7TH
Athletic Club KC Academy batting - Pitching for San Antonio BC : RHP Israel Zorita
Now at 2B: De-wei Mo
Now at 3B: Samuel Barlow
Batting: RHB Quinn Albracht 0-0: Called Strike
0-1: Foul Ball, location: 2F
0-2: Strikes out swinging
Pitching: RHP Okura Tenno
Batting: RHB Rodrigo Sousa 0-0: Ball
1-0: Ball
2-0: Ball
3-0: Base on Balls
Batting: RHB Makalani Kaiya 0-0: Ball
1-0: Foul Ball, location: 2F
1-1: Foul Ball, location: 2F
1-2: Foul Ball, location: 2F
1-2: Strikes out swinging
Batting: RHB Gabriel Martínez 0-0: Foul Ball, location: 2F
0-1: Ground out 1-3 (Groundball, 13S, EV 73.8 MPH)
Bottom of the 7th over - 0 runs, 0 hits, 0 errors, 1 left on base; San Antonio 0 - Athletic Club KC Academy 1
TOP OF THE 8TH
San Antonio BC batting - Pitching for Athletic Club KC Academy : RHP Dorian Gunther
Batting: RHB Jiao-long Xú 0-0: Ball
1-0: Called Strike
1-1: Called Strike
1-2: Ball
2-2: Ground out 6-3 (Groundball, 6, EV 90.6 MPH)
Batting: LHB Armando Viña 0-0: Called Strike
0-1: Called Strike
0-2: Fly out, F8 (Flyball, 78D, EV 81.9 MPH)
Batting: RHB Kamakakoa Kaponianani 0-0: Called Strike
0-1: Ball
1-1: Ball
2-1: Ball
3-1: Base on Balls
Batting: LHB José Vera 0-0: Called Strike
0-1: Ground out 2-3 (Groundball, 2R, EV 74.4 MPH)
Top of the 8th over - 0 runs, 0 hits, 0 errors, 1 left on base; San Antonio 0 - Athletic Club KC Academy 1
BOTTOM OF THE 8TH
Athletic Club KC Academy batting - Pitching for San Antonio BC : RHP Okura Tenno
Batting: LHB Oriol Fernández 0-0: Foul Ball, location: 2F
0-1: Swinging Strike
0-2: Ball
1-2: Strikes out swinging
Batting: RHB Donald Guegan 0-0: Foul Ball, location: 2F
0-1: Swinging Strike
0-2: Ball
1-2: Ball
2-2: Ground out 6-3 (Groundball, 6, EV 88.8 MPH)
Batting: RHB Andy Roarick 0-0: Ball
1-0: Ball
2-0: Ball
3-0: Base on Balls
Batting: RHB Sancho Prieto 0-0: Ball
1-0: Called Strike
1-1: Fly out, F9 (Flyball, 9LM, EV 90.0 MPH)
Bottom of the 8th over - 0 runs, 0 hits, 0 errors, 1 left on base; San Antonio 0 - Athletic Club KC Academy 1
TOP OF THE 9TH
San Antonio BC batting - Pitching for Athletic Club KC Academy : RHP Dorian Gunther
Pitching: LHP Indigo Diaz
Now in RF: Michael Bridges
Pinch Hitting: RHB Chad Valentín 0-0: Called Strike
0-1: Called Strike
0-2: Foul Ball, location: 2F
0-2: Strikes out swinging
Batting: RHB Joe Smith 0-0: Foul Ball, location: 2F
0-1: Fly out, F8 (Flyball, 8LD, EV 100.6 MPH)
Batting: RHB George Towns 0-0: Called Strike
0-1: Foul Ball, location: 2F
0-2: Ball
1-2: Ball
2-2: Foul Ball, location: 2F
2-2: Ball
3-2: Ground out 4-3 (Groundball, 4, EV 81.9 MPH)
Top of the 9th over - 0 runs, 0 hits, 0 errors, 0 left on base; San Antonio 0 - Athletic Club KC Academy 1
Thursday, January 23rd, 2020 - OOTP Baseball 20.8 Build 74